 Dungeon Crawl Stone Soup version 0.25-a0-1130-g3926558f3a (webtiles) character file.

Game seed: 7888650364793295222, levelgen mode: deterministic

30944 Flugslaktarn the Cleaver (level 13, -1/84 HPs)
             Began as a Gargoyle Fighter on May 19, 2020.
             Was the Champion of Okawaru.
             Slain by a 20-headed hydra (8 damage)
             ... on level 5 of the Lair of Beasts.
             The game lasted 00:08:16 (14058 turns).

Flugslaktarn the Cleaver (Gargoyle Fighter)        Turns: 14058, Time: 00:08:16

Health: -1/84      AC: 35    Str: 29    XL:     13   Next: 55%
Magic:  12/19      EV: 10    Int: 11    God:    Okawaru [******]
Gold:   551        SH: 15    Dex:  9    Spells: 12/12 levels left

rFire    . . .     SeeInvis .   a - +2 broad axe (vorpal)
rCold    . . .     Gourm    .   c - +0 kite shield
rNeg     + . .     Faith    .   p - +0 plate armour
rPois    ∞         Spirit   .   C - +1 helmet
rElec    +         Reflect  .   u - scarf {harm}
rCorr    .         Harm     .   j - +0 pair of gloves
MR       +....                  (no boots)
Stlth    ..........             (no amulet)
HPRegen  0.24/turn              A - ring "Jituth Suall" {MR+ AC+4}
MPRegen  0.16/turn              y - +6 ring of strength

@: heroism, finesse
A: negative energy resistance 1, electricity resistance, unbreathing,
petrification resistance, rot immunity, AC +9
a: Heroism, Finesse, Renounce Religion


You were on level 5 of the Lair of Beasts.
You worshipped Okawaru.
Okawaru was exalted by your worship.
You were not hungry.

You visited 3 branches of the dungeon, and saw 15 of its levels.

You collected 863 gold pieces.
You spent 312 gold pieces at shops.

Inventory:

Hand Weapons
 a - a +2 vorpal broad axe (weapon)
   (Okawaru gifted it to you on level 5 of the Lair of Beasts)
 b - a +3 vampiric war axe
   (You bought it in a shop on level 4 of the Dungeon)
Missiles
 G - a throwing net (quivered)
Armour
 c - a +0 kite shield (worn)
 j - a +0 pair of gloves (worn)
   (You found it on level 1 of the Dungeon)
 p - a +0 plate armour (worn)
   (You found it on level 5 of the Dungeon)
 u - a scarf of harm (worn)
   (You found it on level 3 of the Lair of Beasts)
 z - a +0 cloak
   (You took it off Crazy Yiuf on level 7 of the Dungeon)
 C - a +1 helmet (worn)
   (You found it on level 5 of the Dungeon)
Jewellery
 y - a +6 ring of strength (right hand)
   (You found it on level 3 of the Lair of Beasts)
 A - the ring "Jituth Suall" (left hand) {MR+ AC+4}
   (You found it on level 8 of the Dungeon)

   [ring of protection]

   It affects your AC (+4).
   It affects your resistance to hostile enchantments.
Wands
 v - a wand of acid (12)
   (You found it on level 6 of the Dungeon)
 E - a wand of iceblast (9)
   (You found it on level 4 of the Lair of Beasts)
 I - a wand of paralysis (8)
   (You found it on level 9 of the Dungeon)
Scrolls
 f - a scroll of immolation
 g - a scroll of magic mapping
 i - a scroll of fog
 r - 6 scrolls of identify
 t - 3 scrolls of teleportation
 x - 6 scrolls of remove curse
 B - a scroll of fear
 D - a scroll of enchant armour {unknown}
Potions
 d - 2 potions of might
 h - 3 potions of haste
 k - a potion of lignification {unknown}
 m - a potion of magic
 n - a potion of resistance
 o - a potion of cancellation
 q - 5 potions of curing
 w - a potion of heal wounds
 F - 2 potions of berserk rage {unknown}
 J - a potion of flight
Comestibles
 e - 14 rations


   Skills:
 + Level 11.1(16.1) Fighting
 * Level 12.5(17.5) Axes
 + Level 11.0(16.0) Armour
 + Level 11.1(16.1) Shields
 - Level 8.0 Invocations


You had 12 spell levels left.
You didn't know any spells.
Your spell library was empty.

Dungeon Overview and Level Annotations

Branches:
Dungeon (9/15)             Temple (1/1) D:4            Lair (5/6) D:9
  Swamp (0/4) Lair:4        Snake (0/4) Lair:3
  Slime: Lair:5-6       Orc: D:9-12

Altars:
Ashenzari
Cheibriados
Dithmenos
Elyvilon
Fedhas
Gozag
Hepliaklqana
Kikubaaqudgha
Makhleb
Nemelex Xobeh
Okawaru
Qazlal
Ru
Sif Muna
Trog
Uskayaw
Vehumet
Wu Jian
Xom
Yredelemnul
Zin
The Shining One

Shops:
D:4 *

Annotations:
D:4 1 runed translucent door, Hylith's ghost, amateur HuIE
D:9 1 runed translucent door, Flugslaktarn's ghost, journeyman DDFi
Lair:5 exclusion: oklob plant


Innate Abilities, Weirdness & Mutations

You are resistant to torment.
Your stone body is resilient. (AC +9)
You are immune to poison.
You resist negative energy. (rN+)
You are resistant to electric shocks. (rElec)
You can survive without breathing.
You are immune to petrification.
You are immune to rotting.


Message History

* * * LOW HITPOINT WARNING * * *
The 19-headed hydra bites you but does no damage. x3
The 19-headed hydra closely misses you.
You slice one of the 19-headed hydra's heads off!
The 18-headed hydra grows two more!
You hit the 20-headed hydra.
The 20-headed hydra is heavily wounded.
You barely miss the 20-headed hydra.
The 20-headed hydra is heavily wounded.
The 20-headed hydra barely misses you.
You block the 20-headed hydra's attack. x2
The 20-headed hydra bites you but does no damage. x3
You block the 20-headed hydra's attack.
The 20-headed hydra bites you but does no damage. x2
The 20-headed hydra bites you!
* * * LOW HITPOINT WARNING * * *
The 20-headed hydra bites you but does no damage.
You block the 20-headed hydra's attack. The 20-headed hydra barely misses you.
The 20-headed hydra bites you but does no damage. x2
The 20-headed hydra closely misses you. You block the 20-headed hydra's attack.
The 20-headed hydra bites you!
You die...

.......########........P...
.......#####.#........PP..#
.P...........#.........P.#
#......#[.......P.#
.#..............+P.
#.##.#.........#... #
#..##.#........##.#
P...##D##.###.......##.#
#P......@...........###..
#........................
.P.......................
........^................
.........................
.........(...............
.......#.....P##.........
.P.....#.....##.........
....##..#.


You could see a 20-headed hydra.

Vanquished Creatures
  Gastronok (Lair:1)
  Harold (D:8)
  Erica (D:8)
  6 death yaks (Lair:3)
  Maurice (D:8)
  Joseph (D:8)
  4 black mambas
  2 rime drakes
  4 komodo dragons
  11 spiny frogs
  A troll (D:9)
  2 bog bodies (Lair:4)
  8 blink frogs
  Grinder (D:3)
  5 hippogriffs
  7 dream sheep (Lair:3)
  2 wyverns
  26 yaks
  2 basilisks
  3 vampire mosquitoes (Lair:1)
  An insubstantial wisp (Lair:1)
  7 nagas (Lair:3)
  5 water moccasins
  5 porcupines
  A swamp drake (Lair:1)
  4 black bears
  An ice beast (D:8)
  2 sky beasts
  Purgy (D:3)
  4 orc warriors
  26 wolves
  An ogre (D:9)
  3 phantoms
  4 centaurs
  8 crocodiles
  A big kobold (D:9)
  7 bullfrogs
  2 scorpions
  5 killer bees (D:7)
  An electric eel (Lair:4)
  4 howler monkeys
  4 crimson imps
  A bullfrog zombie (D:5)
  3 orc priests
  4 hounds
  A bullfrog skeleton (D:6)
  Crazy Yiuf (D:7)
  3 centaur skeletons
  5 iguanas
  6 orc wizards
  6 worker ants
  A hound zombie (D:7)
  A worker ant zombie (D:9)
  13 adders
  4 gnolls (D:5)
  3 shadow imps
  An adder zombie (D:7)
  2 oozes
  2 worms (D:3)
  4 dart slugs
  4 leopard geckos
  17 orcs
  3 giant cockroaches
  6 goblins
  4 hobgoblins
  21 jackals
  5 quokkas
  2 ball pythons
  A bat (D:2)
  3 frilled lizards
  9 kobolds
  A leopard gecko zombie (D:7)
  A quokka skeleton (D:7)
  4 rats
  A butterfly (Lair:3)
  2 plants (Lair:4)
331 creatures vanquished.

Vanquished Creatures (others)
  A vampire mosquito (Lair:1)
  7 fungi
  4 plants
  3 withered plants
15 creatures vanquished.

Grand Total: 346 creatures vanquished

Notes
Turn   | Place    | Note
-------+----------+-------------------------------------------
     0 | D:1      | Flugslaktarn the Gargoyle Fighter began the quest for the
                  | Orb.
     0 | D:1      | Reached XP level 1. HP: 14/14 MP: 1/1
     4 | D:1      | You fall into a shaft and drop 1 floor!
    35 | D:2      | Reached skill level 2 in Axes
    36 | D:2      | Reached XP level 2. HP: 19/19 MP: 2/2
   430 | D:2      | Found a faded altar of an unknown god.
   657 | D:2      | Reached XP level 3. HP: 23/23 MP: 3/3
   761 | D:2      | Found a glowing silver altar of Zin.
  1179 | D:3      | Found a glowing golden altar of the Shining One.
  1312 | D:3      | Reached XP level 4. HP: 29/29 MP: 4/4
  1434 | D:3      | Reached skill level 3 in Axes
  1610 | D:3      | Reached XP level 5. HP: 10/33 MP: 5/5
  1824 | D:3      | Found a stormy altar of Qazlal.
  1825 | D:3      | You fall into a shaft and drop 3 floors!
  1861 | D:5      | Entered Level 5 of the Dungeon
  1965 | D:4      | Found a blossoming altar of Fedhas.
  2051 | D:3      | Noticed Purgy
  2065 | D:3      | Killed Purgy
  2065 | D:3      | Reached XP level 6. HP: 32/39 MP: 6/6
  2212 | D:3      | Noticed Grinder
  2227 | D:3      | Paralysed by Grinder for 3 turns
  2245 | D:3      | Paralysed by Grinder for 4 turns
  2257 | D:3      | Paralysed by Grinder for 4 turns
  2270 | D:3      | Killed Grinder
  2270 | D:3      | Reached skill level 4 in Axes
  2270 | D:3      | Reached XP level 7. HP: 30/44 MP: 7/7
  2644 | D:4      | Found Amenwot's General Store.
  2689 | D:4      | Found a runed translucent door.
  2690 | D:4      | Noticed Hylith's ghost (amateur HuIE)
  2949 | D:4      | Reached skill level 5 in Armour
  2972 | D:4      | Reached skill level 5 in Fighting
  2972 | D:4      | Reached skill level 5 in Shields
  3263 | D:4      | Found a staircase to the Ecumenical Temple.
  3269 | Temple   | Entered the Ecumenical Temple
  3348 | Temple   | Became a worshipper of Warmaster Okawaru
  3679 | D:5      | Reached skill level 5 in Axes
  3679 | D:5      | Reached skill level 1 in Invocations
  3820 | D:5      | Reached XP level 8. HP: 49/49 MP: 7/9
  4368 | D:5      | Reached * piety under Okawaru
  4812 | D:6      | Found a bloodstained altar of Trog.
  5115 | D:6      | Reached skill level 6 in Axes
  6151 | D:4      | Bought a +2 vampiric war axe for 270 gold pieces
  6151 | D:4      | Bought a scroll of fear for 42 gold pieces
  6229 | D:7      | Reached XP level 9. HP: 51/55 MP: 11/11
  6243 | D:7      | Reached ** piety under Okawaru
  6545 | D:7      | Reached skill level 7 in Axes
  6760 | D:7      | Reached *** piety under Okawaru
  6914 | D:7      | Found a runed translucent door.
  6915 | D:7      | Noticed Crazy Yiuf
  7007 | D:7      | Killed Crazy Yiuf
  7190 | D:7      | Found a shimmering altar of Xom.
  7583 | D:7      | Found a hide-covered altar of Uskayaw.
  7669 | D:8      | Noticed Maurice
  7671 | D:8      | Noticed Joseph
  7690 | D:8      | Killed Joseph
  7690 | D:8      | Reached XP level 10. HP: 24/63 MP: 13/13
  7705 | D:8      | Killed Maurice
  7705 | D:8      | Reached **** piety under Okawaru
  7705 | D:8      | Reached skill level 8 in Axes
  7705 | D:8      | Reached skill level 5 in Invocations
  7822 | D:8      | Got a scintillating glass ring
  7872 | D:8      | Noticed Erica
  7900 | D:8      | Killed Erica
  7964 | D:8      | Reached ***** piety under Okawaru
  7973 | D:8      | Found a shadowy altar of Dithmenos.
  7979 | D:8      | Found a hazy altar of Hepliaklqana.
  8052 | D:8      | Noticed Harold
  8075 | D:8      | Killed Harold
  8104 | D:8      | Found a burning altar of Makhleb.
  8104 | D:8      | Found a snail-covered altar of Cheibriados.
  8476 | D:9      | Found a staircase to the Lair.
  8568 | D:9      | Found an ornate altar of the Wu Jian Council.
  8603 | D:9      | Received a gift from Okawaru
  8603 | D:9      | Reached skill level 9 in Axes
  8612 | D:9      | Identified the ring "Jituth Suall" {MR+ AC+4} (You found it
                  | on level 8 of the Dungeon)
  8701 | D:9      | Reached XP level 11. HP: 67/68 MP: 15/15
  8953 | D:9      | Found a runed translucent door.
  8953 | D:9      | Noticed Flugslaktarn's ghost (journeyman DDFi)
  9086 | Lair:1   | Entered Level 1 of the Lair of Beasts
  9323 | Lair:1   | Noticed Gastronok
  9357 | Lair:1   | Killed Gastronok
  9357 | Lair:1   | Reached skill level 10 in Axes
  9453 | Lair:1   | Received a gift from Okawaru
  9567 | Lair:1   | Noticed a four-headed hydra
 10468 | Lair:2   | Reached XP level 12. HP: 71/76 MP: 17/17
 10658 | Lair:2   | Received a gift from Okawaru
 10715 | Lair:2   | Got a brightly glowing broad axe {god gift}
 10716 | Lair:2   | Identified the +2 broad axe of Wonih {venom, rPois Int+7}
                  | (Okawaru gifted it to you on level 2 of the Lair of Beasts)
 10822 | Lair:2   | Reached ****** piety under Okawaru
 11376 | Lair:2   | Reached skill level 11 in Axes
 11694 | Lair:3   | Noticed a death yak
 11695 | Lair:3   | Found a staircase to the Snake Pit.
 11695 | Lair:3   | Noticed a death yak
 11695 | Lair:3   | Noticed a death yak
 11696 | Lair:3   | Noticed a death yak
 11698 | Lair:3   | Noticed a death yak
 11700 | Lair:3   | Noticed a death yak
 11710 | Lair:3   | Reached skill level 10 in Fighting
 11710 | Lair:3   | Reached skill level 10 in Shields
 11716 | Lair:3   | Killed a death yak
 11716 | Lair:3   | Reached skill level 10 in Armour
 11723 | Lair:3   | Killed a death yak
 11723 | Lair:3   | Received a gift from Okawaru
 12221 | Lair:3   | Killed a death yak
 12229 | Lair:3   | Killed a death yak
 12235 | Lair:3   | Killed a death yak
 12257 | Lair:3   | Killed a death yak
 12257 | Lair:3   | Reached XP level 13. HP: 78/83 MP: 13/19
 12650 | Lair:4   | Reached skill level 12 in Axes
 12656 | Lair:4   | Received a gift from Okawaru
 13458 | Lair:4   | Found a staircase to the Swamp.
 13757 | Lair:5   | Received a gift from Okawaru
 14058 | Lair:5   | Slain by a 20-headed hydra

Illustrated notes

Levels and vault maps discovered:
D:1:      dpeg_arrival_solitude, layout_loops_ring
D:2:      layout_loops_ring, zin_academy, chequers_ecumenical_altar_simple_redux
D:3:      layout_loops_ring, nicolae_overflow_crystal_walls,
          grunt_qazlal_sundering, uniq_grinder, uniq_purgy
D:4:      layout_gridville, minmay_temple_entry_fiery, first_ration,
          gammafunk_ghost_grave, serial_shops, nicolae_shop_waterfront,
          fedhas_altar_3
D:5:      layout_basic
D:6:      minmay_recursive_quarters, layout_basic, basic_altar
D:7:      layout_loops_corners, xom_butterflies, old_standard_altar,
          enter_bailey_1, uniq_crazy_yiuf_cottage
D:8:      layout_cave_pools, riverfiend_overflow_shadow_ancestor,
          gammafunk_temple_overflow_pools, uniq_maurice, uniq_joseph,
          uniq_harold, uniq_erica
D:9:      layout_gridville, kennysheep_little_box, lair_entry_dummy,
          gammafunk_ghost_grave
Temple:   nicolae_temple_x_marks_the_god
Lair:1:   layout_concentric_octagons, pond, uniq_gastronok
Lair:2:   layout_cave_shapes, beast_lair_carwin_8, grunt_megastairs_2
Lair:3:   layout_chaotic_city, minmay_snake_entry_guardpost_large, minivault_25,
          lemuel_fruit_fields
Lair:4:   layout_loops_ring, nicolae_swamp_entry_splash_gauntlet,
          serial_bayou_pond_a, infiniplex_staircase_pool, serial_bayou_shore_a,
          grunt_megastairs_3
Lair:5:   layout_regular_city, dpeg_slime_entry_corner, lemuel_oklob_altar

Skill      XL: |  1  2  3  4  5  6  7  8  9 10 11 12 13 |
---------------+----------------------------------------+-----
Axes           | 2 3 4 5 6 7 9 10 11 12 | 12.5
Fighting       | 4 5 6 7 8 9 10 11 | 11.1
Armour         | 4 5 6 7 8 9 10 11 | 11.0
Shields        | 4 5 6 7 8 9 10 11 | 11.1
Invocations    | 1 3 4 6 7 8 |  8.0

Action                   |  1- 3 |  4- 6 |  7- 9 | 10-12 | 13-15 || total
-------------------------+-------+-------+-------+-------+-------++-------
Melee: War axe           |   108 |    99 |   503 |   636 |   224 ||  1570
       Broad axe         |       |       |       |    30 |    11 ||    41
Invok: Heroism           |       |       |     1 |     3 |     1 ||     5
       Finesse           |       |       |       |     3 |     1 ||     4
  Use: Potion            |       |     3 |       |     1 |       ||     4
       Scroll            |       |       |       |    22 |       ||    22
  Eat: Chunk             |     1 |     4 |    14 |     9 |     3 ||    31
       Ration            |       |       |     1 |     2 |     1 ||     4
Armor: Scale mail        |    58 |    68 |    41 |       |       ||   167
       Plate armour      |       |       |   434 |   674 |   221 ||  1329
Dodge: Dodged            |    28 |    37 |   135 |   212 |    91 ||   503
Block: Kite shield       |    72 |    57 |   325 |   467 |   219 ||  1140

Table legend:
 A = Non-vault XP
 B = Vault XP
 C = Vault XP percentage of total XP
 D = Non-vault monster count
 E = Vault monster count
 F = Vault count percentage of total count
                 A         B        C        D         E       F
            +---------+---------+-------+---------+---------+-------
      Total |   34145 |   10062 |  22.8 |     289 |      40 |  12.2
            +---------+---------+-------+---------+---------+-------
        D:1 |      14 |       0 |   0.0 |       6 |       0 |   0.0
        D:2 |      62 |       0 |   0.0 |      21 |       0 |   0.0
        D:3 |     127 |     387 |  75.3 |      25 |       2 |   7.4
        D:4 |     239 |       0 |   0.0 |       8 |       0 |   0.0
        D:5 |     901 |       0 |   0.0 |      22 |       0 |   0.0
        D:6 |     269 |     345 |  56.2 |      15 |       6 |  28.6
        D:7 |    1800 |      39 |   2.1 |      42 |       1 |   2.3
        D:8 |     471 |    2909 |  86.1 |      14 |       4 |  22.2
        D:9 |    2440 |       0 |   0.0 |      26 |       0 |   0.0
     Lair:1 |    4118 |    3065 |  42.7 |      19 |       7 |  26.9
     Lair:2 |    5141 |    1359 |  20.9 |      25 |       9 |  26.5
     Lair:3 |    8716 |    1141 |  11.6 |      21 |       7 |  25.0
     Lair:4 |    5866 |     817 |  12.2 |      28 |       4 |  12.5
     Lair:5 |    3981 |       0 |   0.0 |      17 |       0 |   0.0
            +---------+---------+-------+---------+---------+-------
